Map: Blueshift LE

Players

Subwaymaker

  • Race: Protoss Protoss
  • League: Silver
  • Spawn Location: 1:00

Mesrob - Winner!

  • Race: Terran Terran
  • Spawn Location: 7:00

VOD

Have the link to the VOD?

Description

Time

  • Played on: Jan. 9, 2019, 1:48 p.m.
  • Length: 18:12
Show
View Real Time Build Order
Export as new Build Order

Subwaymaker Protoss 

Build Orders: Colossus Rush 

Get SALT Encoding   

  1  0:00  Probe  
  13  0:07  Probe  
  14  0:19  Pylon  
  14  0:21  Probe  
  15  0:40  Gateway  
  15  0:45  Probe  
  16  0:55  Probe  
  16  0:57  Assimilator  
  16  1:03  Probe  
  18  1:12  Probe  
  18  1:18  Pylon  
  19  1:24  Probe  
  20  1:36  Probe  
  21  1:43  Cybernetics Core  
  21  1:48  Probe  
  21  1:50  Assimilator  
  22  2:00  Probe  
  23  2:12  Probe  
  23  2:14  Pylon  
  24  2:20  Nexus  
  24  2:24  Probe  
  25  2:32  Robotics Facility  
  25  2:38  Probe  
  25  2:39  Stalker  
  26  2:47  Warp Gate  
  26  2:50  Probe  
  29  3:02  Probe  
  30  3:09  Sentry  
  32  3:14  Probe  
  32  3:18  Pylon  
  33  3:22  Observer  
  33  3:26  Probe  
  35  3:47  Assimilator  
  35  3:51  Probe  
  35  3:52  Assimilator  
  35  3:54  Probe  
  37  3:56  Pylon  
  37  3:58  Pylon  
  37  3:59  Probe  
  37  4:06  Probe  
  37  4:08  Probe  
  39  4:15  Gateway  
  40  4:18  Probe  
  41  4:24  Probe  
  41  4:26  Robotics Bay  
  41  4:30  Probe  
  43  4:35  Stalker  
  43  4:36  Probe  
  46  4:39  Probe  
  47  4:47  Probe  
  48  4:57  Probe, Colossus  
  48  5:05  Probe  
  49  5:07  Stalker  
  58  5:15  Probe  
  59  5:27  Probe  
  60  5:36  Nexus  
  60  5:37  Stalker  
  60  5:38  Pylon  
  60  5:40  Pylon  
  62  5:43  Pylon  
  62  5:44  Stalker  
  62  5:46  Assimilator  
  64  5:50  Assimilator  
  64  5:53  Probe  
  64  5:56  Probe  
  66  6:01  Probe  
  66  6:08  Probe  
  66  6:10  Probe  
  68  6:14  Pylon  
  69  6:21  Probe  
  69  6:23  Probe, Gateway  
  69  6:25  Gateway, Colossus  
  71  6:28  Gateway  
  71  6:30  Gateway  
  71  6:33  Forge, Probe  
  71  6:35  Forge  
  71  6:38  Probe  
  78  6:40  Twilight Council  
  78  6:41  Shield Battery  
  78  6:45  Probe  
  78  6:46  Probe  
  80  6:47  Stalker  
  80  6:48  Stalker  
  85  6:56  Probe  
  85  6:57  Probe  
  87  7:15  Stalker x2  
  91  7:23  Colossus  
  91  7:25  Stalker  
  91  7:26  Stalker  
  79  7:37  Stalker  
  79  7:38  Stalker x2  
  79  7:40  Zealot  
  69  7:54  Sentry  
  69  7:56  Zealot  
  65  8:15  Probe  
  65  8:16  Probe  
  67  8:23  Protoss Ground Armor Level 1  
  67  8:24  Protoss Ground Weapons Level 1  
  67  8:25  Stalker  
  67  8:26  Stalker x3  
  75  8:27  Stalker  
  75  8:28  Stalker, Probe x2  
  75  8:31  Colossus  
  87  8:40  Charge, Probe x2  
  89  8:42  Extended Thermal Lance  
  89  8:52  Probe  
  89  8:53  Pylon  
  89  8:55  Gateway  
  90  9:09  Stalker  
  89  9:10  Stalker x3  
  89  9:11  Sentry  
  89  9:20  Sentry  
  73  9:25  Colossus  
  73  9:37  Sentry x2  
  64  9:38  Zealot x2  
  64  9:39  Zealot  
  64  9:44  Stalker  
  72  9:55  Zealot  
  74  10:00  Zealot x4  
  74  10:01  Zealot  
  78  10:18  Colossus  
  70  10:25  Zealot x2  
  70  10:26  Zealot x4  
  70  10:27  Zealot  
  74  10:37  Nexus  
  74  10:41  Pylon  
  74  10:43  Pylon  
  74  10:46  Pylon, Zealot x4  
  74  10:47  Zealot x2  
  74  10:49  Assimilator  
  86  10:53  Assimilator  
  86  11:05  Photon Cannon  
  86  11:10  Photon Cannon  
  86  11:13  Immortal, Photon Cannon  
  86  11:17  Shield Battery  
  90  11:26  Probe  
  90  11:27  Probe  
  92  11:35  Zealot  
  92  11:37  Zealot  
  92  11:38  Probe, Zealot  
  92  11:39  Probe  
  100  11:50  Probe  
  100  11:51  Probe  
  100  11:52  Immortal  
  106  12:02  Probe  
  107  12:09  Zealot x2  
  107  12:10  Zealot x3  
  107  12:14  Probe  
  107  12:15  Sentry  
  120  12:16  Sentry  
  122  12:27  Probe  
  123  12:31  Immortal  
  127  12:39  Probe  
  128  12:51  Probe  
  117  12:54  Nexus  
  117  12:57  Pylon  
  117  13:00  Zealot  
  117  13:01  Pylon, Protoss Ground Armor Level 2, Zealot x5  
  117  13:02  Zealot  
  117  13:04  Protoss Shields Level 1  
  131  13:06  Probe  
  132  13:18  Blink, Probe  
  133  13:30  Probe  
  133  13:33  Immortal  
  138  13:34  Templar Archives  
  138  13:41  Photon Cannon  
  138  13:45  Photon Cannon  
  138  13:47  Shield Battery  
  138  13:54  Assimilator  
  138  14:00  Assimilator  
  138  14:10  Stalker  
  138  14:11  Stalker x3  
  138  14:12  Stalker  
  148  14:22  Immortal  
  152  14:26  Probe  
  153  14:34  Probe  
  153  14:44  Probe  
  154  14:48  Stalker x3  
  154  14:49  Stalker  
  154  14:50  Sentry  
  154  14:51  Sentry  
  154  14:52  High Templar  
  169  14:56  Probe  
  170  15:08  Probe  
  170  15:13  Pylon  
  171  15:15  Pylon, Psionic Storm  
  171  15:18  Pylon  
  171  15:20  Photon Cannon  
  171  15:21  Pylon  
  171  15:23  Pylon  
  171  15:31  Immortal  
  171  15:33  High Templar x4  
  171  15:34  High Templar x2  
  187  15:53  Archon  
  187  15:54  Archon x2  
  187  15:58  High Templar  
  189  16:10  Immortal  
  193  16:21  High Templar x2  
  90  17:02  Zealot x2  
  90  17:03  Zealot x4  
  90  17:04  Zealot  
  64  17:20  Nexus  
  64  17:23  Pylon  
  64  17:25  Pylon  
  64  17:27  Sentry  
  64  17:28  Pylon  
  64  17:29  Zealot  
  68  17:30  Assimilator, High Templar x3  
  68  17:32  High Templar x2  
  68  17:33  Assimilator  
Show
View Real Time Build Order
Export as new Build Order

Mesrob Terran - Winner!

Build Orders:  

Get SALT Encoding   

  12  0:00  SCV  
  13  0:12  SCV  
  14  0:17  Supply Depot  
  14  0:24  SCV  
  15  0:38  SCV  
  15  0:40  Barracks  
  16  0:50  Refinery, SCV  
  17  1:02  Supply Depot  
  17  1:03  SCV  
  18  1:15  SCV  
  19  1:27  SCV  
  20  1:35  Barracks Tech Lab  
  20  1:41  Barracks Reactor  
  20  1:47  Barracks  
  20  1:54  Orbital Command  
  20  1:55  Supply Depot  
  20  2:14  Factory  
  20  2:19  Supply Depot  
  20  2:22  Marine x2  
  22  2:50  Barracks Tech Lab, Command Center  
  22  3:01  Barracks Tech Lab  
  22  3:08  Armory  
  22  3:14  Hellion, Refinery  
  22  3:16  Hellion  
  26  3:34  Barracks Reactor  
  26  3:39  Hellion x2  
  30  3:52  SCV  
  31  4:04  SCV  
  31  4:06  Factory  
  32  4:16  SCV  
  33  4:27  Factory  
  33  4:28  SCV  
  34  4:34  Hellbat x2  
  38  4:40  SCV  
  38  4:41  Refinery  
  39  4:49  Orbital Command  
  39  4:52  Barracks Tech Lab  
  39  4:57  Cyclone  
  42  5:08  SCV  
  42  5:11  Refinery  
  43  5:15  SCV  
  43  5:20  SCV  
  45  5:25  Supply Depot  
  45  5:26  Terran Vehicle Weapons Level 1  
  45  5:27  SCV  
  46  5:29  Hellbat  
  46  5:30  Hellbat  
  46  5:35  Cyclone  
  53  5:37  Marine x2  
  55  5:44  Cyclone  
  55  5:47  SCV  
  59  5:56  SCV  
  60  5:59  SCV  
  61  6:09  SCV  
  62  6:11  SCV  
  62  6:12  Factory  
  63  6:20  Barracks Tech Lab  
  63  6:21  Hellbat, SCV  
  63  6:22  Hellbat  
  63  6:24  Hellbat  
  70  6:54  Command Center  
  70  7:07  Supply Depot  
  70  7:20  Terran Vehicle And Ship Armor Level 1  
  70  7:25  Cyclone  
  70  7:28  SCV x2  
  70  7:29  Hellbat, Cyclone x2  
  68  7:38  Hellbat  
  63  7:51  Hellbat  
  65  7:57  Cyclone  
  64  7:59  Hellbat  
  64  8:01  Cyclone  
  69  8:17  Command Center  
  69  8:38  Hellbat x2  
  69  8:39  Hellbat x2  
  69  8:40  Barracks Tech Lab, Cyclone  
  69  8:41  Barracks Tech Lab  
  80  9:00  SCV, Cyclone  
  80  9:01  SCV x2  
  80  9:12  SCV  
  80  9:13  SCV x2  
  72  9:39  Orbital Command  
  72  9:41  Refinery  
  72  9:49  Engineering Bay  
  72  9:59  SCV x3  
  75  10:06  Refinery  
  75  10:11  Refinery, SCV x3  
  75  10:23  SCV x3  
  71  10:35  Refinery, SCV x2  
  72  10:39  Planetary Fortress  
  72  10:41  Terran Infantry Weapons Level 1  
  73  10:46  Supply Depot  
  73  10:47  Supply Depot, SCV x2  
  70  11:02  Cyclone x3  
  70  11:03  Hellbat x2  
  83  11:12  Factory, Supply Depot  
  83  11:24  Hellbat  
  85  11:27  Barracks Tech Lab  
  85  11:30  Factory  
  85  11:31  Barracks Tech Lab  
  85  11:35  Supply Depot  
  85  11:40  Factory  
  85  11:58  Supply Depot  
  85  12:04  Cyclone x3  
  85  12:05  Hellbat x3  
  100  12:20  Factory  
  100  12:21  Supply Depot  
  100  12:26  Hellbat  
  100  12:27  Hellbat x2  
  106  12:35  Terran Infantry Armor Level 1  
  106  12:36  Hellbat, SCV, Thor  
  115  12:38  SCV x2  
  115  12:39  SCV  
  109  12:44  Supply Depot  
  91  12:55  Thor  
  91  12:56  Hellbat, Thor x2  
  91  12:57  Hellbat x2  
  113  12:58  Hellbat  
  115  13:16  SCV x3  
  115  13:17  SCV  
  119  13:28  SCV x3  
  119  13:29  SCV  
  119  13:32  Thor x2  
  119  13:33  Hellbat  
  119  13:34  Hellbat x2  
  141  13:45  Supply Depot  
  141  13:46  Supply Depot  
  141  13:50  Terran Vehicle Weapons Level 2  
  141  13:53  Siege Tank  
  144  13:57  Hellbat x2  
  144  14:02  Thor  
  154  14:07  Thor  
  154  14:08  Supply Depot  
  154  14:09  Supply Depot  
  160  14:15  Hellbat, Cyclone  
  165  14:19  Thor  
  165  14:23  Hellbat  
  173  14:26  Hellbat  
  173  14:31  Supply Depot, Missile Turret  
  175  14:32  Supply Depot  
  175  14:41  Missile Turret  
  175  14:43  SCV  
  175  14:44  SCV x3  
  179  14:54  Thor  
  179  14:55  SCV  
  179  14:56  SCV x3  
  188  15:10  Hellbat x3  
  188  15:13  Command Center  
  194  15:17  Thor  
  200  15:46  Missile Turret  
  200  15:49  Missile Turret  
  200  16:10  Missile Turret  
  148  17:05  Hellbat, Thor x2  
  148  17:06  Thor x2  
  148  17:07  Thor x3  
  184  17:08  Hellbat  
  184  17:24  Planetary Fortress  
  184  17:26  SCV x4  
  184  17:27  Hellbat  
  192  17:30  Hellbat  
  192  17:34  Refinery  
  192  17:38  SCV x4  
  189  17:48  Hellbat  
  189  17:49  Hellbat  
  189  17:50  SCV  
  200  17:59  Refinery  
Tags
 
League
Silver
Matchup
PvT
Replay Pack
sc2 replays
Spawn Locations
Cross Positions
Add a new tag
Caveats
  • Supply blocks, unpowered buildings, or Contaminate may cause inaccurate times.
  • Supply counts are checked every 10 seconds.